 Dungeon Crawl Stone Soup version 0.14-a0-1570-g671a4b6 (webtiles) character file.

378 Jenx the Digger (level 5, 0/28 HPs)
             Began as a Gargoyle Earth Elementalist on Dec 20, 2013.
             Was an Initiate of Vehumet.
             Slain by an orc
             ... wielding a +0,+0 orcish whip
              (4 damage)
             ... on Level 4 of the Dungeon.
             The game lasted 00:13:11 (3284 turns).

Jenx the Digger (Gargoyle Earth Elementalist)       Turns: 3284, Time: 00:13:12

HP   0/28        AC  6     Str 12      XL: 5   Next: 64%
MP   9/9         EV 12     Int 16      God: Vehumet [......]
Gold 194         SH  0     Dex 10      Spells:  3 memorised,  2 levels left

rFire  . . .     SeeInvis .     a - +1 mace
rCold  . . .     Clarity  .     n - +0 robe
rNeg   + . .     Conserve .     (no shield)
rPois  +         rCorr    .     (no helmet)
rElec  +         rRot     +     (no cloak)
SustAb + .       Spirit   .     (no gloves)
rMut   .         Warding  .     (no boots)
Saprov . . .     Stasis   .     (no amulet)
                                (no ring)
                                v - ring of sustain abilities

@: slightly resistant to hostile enchantments, fairly stealthy
A: life protection 1, electricity resistance, unbreathing, petrification
resistance, AC +4
a: Renounce Religion


You were on level 4 of the Dungeon.
You worshipped Vehumet.
Vehumet was noncommittal.
You were not hungry.

You visited 2 branches of the dungeon, and saw 5 of its levels.

You collected 194 gold pieces.

Inventory:

Hand weapons
 a - a +1,+1 mace (weapon)
Missiles
 b - 100 stones (quivered)
Armour
 n - a +0 robe (worn)
Comestibles
 m - a meat ration
 p - 2 bread rations
 q - 2 sultanas
Scrolls
 f - 2 scrolls of remove curse {unknown}
 g - 2 scrolls of identify
 j - a scroll of recharging {unknown}
 r - a scroll of noise {unknown}
 t - 2 scrolls of teleportation {unknown}
 w - a scroll of curse weapon {unknown}
 x - a scroll of blinking {unknown}
 z - a scroll of curse armour {unknown}
Jewellery
 v - a ring of sustain abilities (left hand)
 y - a +3 ring of dexterity {unknown}
Potions
 e - a potion of restore abilities {unknown}
 h - a potion of might {unknown}
 i - a potion of beneficial mutation {unknown}
 k - a potion of porridge
 l - a potion of agility {unknown}
 o - a potion of heal wounds {unknown}
 s - a potion of poison {unknown}
 u - a potion of speed {unknown}
Books
 d - a book of Geomancy

   Spells                             Type                      Level
   *Sandblast                         Earth                        1
   *Stoneskin                         Transmutation/Earth          2
   Passwall                           Transmutation/Earth          3
   *Stone Arrow                       Conjuration/Earth            3
   Petrify                            Transmutation/Earth          4
   Lee's Rapid Deconstruction         Earth                        5


   Skills:
 - Level 1.5 Dodging
 - Level 2.1 Stealth
 + Level 2.4 Spellcasting
 - Level 0.7 Transmutations
 - Level 7.1 Earth Magic


You had 2 spell levels left.
You knew the following spells:

 Your Spells              Type           Power        Failure   Level  Hunger
a - Sandblast             Erth           ###...       1%          1    #......
b - Stone Arrow           Conj/Erth      ##....       14%         3    ####...
c - Stoneskin             Trmt/Erth      ##........   8%          2    ##.....


Dungeon Overview and Level Annotations

Branches:
Dungeon (4/16)             Temple (1/1) D:4

Altars:
Ashenzari
Cheibriados
Elyvilon
Fedhas
Kikubaaqudgha
Makhleb
Nemelex Xobeh
Sif Muna
Vehumet
Xom
Yredelemnul
Zin
the Shining One

Annotations:
D:4 mopl's ghost, average HESk


Innate Abilities, Weirdness & Mutations

You are resistant to torment.
You are immune to poison.
Your stone body is very resilient (AC +4).
You resist negative energy.
You are resistant to electric shocks.
You can survive without breathing.
You are immune to petrification.


Message History

The adder is severely wounded.
The adder bites you.
* * * LOW HITPOINT WARNING * * *
The adder bites you.
* * * LOW HITPOINT WARNING * * *
You closely miss the adder.
The adder is severely wounded.
The adder bites you but does no damage. The adder barely misses you.
Your magical contamination has completely faded away.
You sock the adder!
You kill the adder!
Vehumet accepts your kill.
You hit the giant gecko.
You kill the giant gecko!
Vehumet accepts your kill.
You hit the orc but do no damage. You hit the orc.
The orc is moderately wounded.
The orc hits you with an orcish whip.
You die...

.##..>....................#...##
.##P..P....................#...(.
.....P.....##.##.###..........##
...........#...### ##...........#
...........#.♣.# #............
...........#. .### ##............
...........# ##.###.............
............ #.ooh.o...........
.....##### ##@#####.........
.....# ### #....... ..... .......
#..... #.... . .


You could see an orc priest, 2 orcs and a jackal.

Vanquished Creatures
  A jelly (Temple)
  Jessica (D:2)
  Terence (D:3)
  4 adders
  3 inept feature mimics
  A worm (D:2)
  An orc (D:3)
  11 bats
  3 giant cockroaches
  4 hobgoblins
  5 jackals
  2 quokkas (D:3)
  A ball python (D:3)
  4 giant geckos
  A giant gecko skeleton (D:4)
  A giant newt (D:1)
  6 goblins
  11 kobolds
  7 rats
68 creatures vanquished.

Notes
Turn   | Place    | Note
--------------------------------------------------------------
     0 | D:1      | Jenx, the Gargoyle Earth Elementalist, began the quest for the Orb.
     0 | D:1      | Reached XP level 1. HP: 10/10 MP: 3/3
   199 | D:1      | Reached skill level 4 in Earth Magic
   385 | D:1      | Reached XP level 2. HP: 10/15 MP: 4/4
   572 | D:1      | Found a shattered altar of Ashenzari.
   654 | D:1      | Learned a level 2 spell: Stoneskin
  1016 | D:2      | Reached skill level 5 in Earth Magic
  1016 | D:2      | Reached XP level 3. HP: 19/19 MP: 6/6
  1031 | D:2      | Learned a level 3 spell: Stone Arrow
  1394 | D:2      | Reached XP level 4. HP: 16/24 MP: 7/7
  1437 | D:2      | Noticed Jessica
  1472 | D:2      | Killed Jessica
  1472 | D:2      | Reached skill level 6 in Earth Magic
  2211 | D:3      | Noticed Terence
  2232 | D:3      | Killed Terence
  2232 | D:3      | Reached XP level 5. HP: 11/28 MP: 0/9
  2725 | D:4      | Found a staircase to the Ecumenical Temple.
  2755 | Temple   | Entered the Ecumenical Temple
  2777 | Temple   | Became a worshipper of Vehumet
  2779 | Temple   | Reached skill level 7 in Earth Magic
  2818 | D:4      | Noticed mopl's ghost (average HESk)
  3284 | D:4      | Slain by an orc

Action                   |  1- 3 |  4- 6 || total
-------------------------+-------+-------++-------
Melee: Whip              |    13 |       ||    13
       Mace              |    58 |   125 ||   183
Throw: Stone             |       |     1 ||     1
 Cast: Sandblast         |    30 |    22 ||    52
       Stone Arrow       |       |    10 ||    10
  Use: Scroll            |       |     2 ||     2
       Potion            |       |     3 ||     3
 Stab: Sleeping          |     3 |     3 ||     6
